TOP OF THE 1ST |
Toledo Stingers batting - Pitching for Montana Pandas : LHP Rust Cohle
|
Pitching: LHP Rust Cohle
|
|
Batting: RHB Brett Callison
|
0-0: Ball 1-0: Ball 2-0: Foul Ball, location: 2F 2-1: Ball 3-1: Base on Balls
|
Batting: RHB Tamasaburo Kato
|
0-0: Ball Pickoff Throw by Catcher to First - Out! 1-0: Ball 2-0: Ball 3-0: Base on Balls
|
Batting: RHB Alfredo Martínez
|
0-0: Ball 1-0: Called Strike 1-1: Ball 2-1: Foul Ball, location: 2F 2-2: SINGLE (Groundball, 56D) Tamasaburo Kato to second
|
Batting: LHB Tural Bishara
|
0-0: Hit by Pitch Tamasaburo Kato to third Alfredo Martínez to second
|
Batting: LHB Rafael Sánchez
|
0-0: Called Strike 0-1: Fly out, F9 (Flyball, 9)
|
Batting: RHB Héctor Rivera
|
0-0: SINGLE (Flyball, 9LS) Tamasaburo Kato scores Alfredo Martínez to third Tural Bishara to second Runner from 3rd tries for Home, SAFE, no throw
|
Batting: SHB Eugene Clutch
|
0-0: Ball 1-0: SINGLE (Line Drive, 8RS) Tural Bishara to third Héctor Rivera to second Runner from 3rd tries for Home, SAFE, no throw
|
Batting: SHB Tsing Guao
|
0-0: Ball 1-0: SINGLE (Line Drive, 89S) Héctor Rivera to third Eugene Clutch to second Runner from 3rd tries for Home, SAFE, throw made home
|
Batting: RHB Mike Burns
|
0-0: Called Strike 0-1: Ball 1-1: Ball Throwing error on steal attempt, E2 Eugene Clutch scores Tsing Guao to third 2-1: Fly out, F7 (Flyball, 7S)
|
Top of the 1st over - 5 runs, 4 hits, 1 error, 1 left on base; Toledo 5 - Montana 0 |
BOTTOM OF THE 1ST |
Montana Pandas batting - Pitching for Toledo Stingers : RHP Rafael Rodríguez
|
Pitching: RHP Rafael Rodríguez
|
|
Batting: RHB Bernardo Herrera
|
0-0: Foul Ball, location: 2F 0-1: Ground out 4-3 (Groundball, 34)
|
Batting: LHB Chris McKinney
|
0-0: Foul Ball, location: 2F 0-1: Foul Ball, location: 2F 0-2: Fly out, F6 (Popup, 6)
|
Batting: LHB Melvin Castro
|
0-0: Foul Ball, location: 2F 0-1: Ball 1-1: Foul Ball, location: 2F 1-2: Foul Ball, location: 2F 1-2: Ground out U3 (Groundball, 34)
|
Bottom of the 1st over - 0 runs, 0 hits, 0 errors, 0 left on base; Toledo 5 - Montana 0 |
TOP OF THE 2ND |
Toledo Stingers batting - Pitching for Montana Pandas : LHP Rust Cohle
|
Batting: RHB Brett Callison
|
0-0: Foul Ball, location: 2F 0-1: Foul Ball, location: 2F 0-2: Ball 1-2: Ball 2-2: Ball 3-2: SINGLE (Groundball, 6MD)
|
Batting: RHB Tamasaburo Kato
|
0-0: Foul Ball, location: 2F 0-1: Ball 1-1: Swinging Strike 1-2: Ball 2-2: Foul Ball, location: 2F 2-2: Strikes out swinging
|
Batting: RHB Alfredo Martínez
|
0-0: Ball 1-0: Called Strike 1-1: Ball 2-1: Fielders Choice at 2nd, 5-4 (Groundball, 5)
|
Batting: LHB Tural Bishara
|
0-0: Ball 1-0: Swinging Strike 1-1: Called Strike 1-2: Ball 2-2: Ball 3-2: SINGLE (Line Drive, 8RS) Alfredo Martínez to second Alfredo Martínez to third
|
Batting: LHB Rafael Sánchez
|
0-0: Ball 1-0: Swinging Strike 1-1: Fly out, F8 (Flyball, 8RM)
|
Top of the 2nd over - 0 runs, 2 hits, 0 errors, 2 left on base; Toledo 5 - Montana 0 |
BOTTOM OF THE 2ND |
Montana Pandas batting - Pitching for Toledo Stingers : RHP Rafael Rodríguez
|
Batting: RHB Armando Alvarado
|
0-0: Called Strike 0-1: Ball 1-1: Ground out 6-3 (Groundball, 6)
|
Batting: LHB Roberto Fierro
|
0-0: Called Strike 0-1: Ball 1-1: Fly out, F5 (Popup, 56)
|
Batting: LHB António Ramos
|
0-0: Ball 1-0: Called Strike 1-1: Foul Ball, location: 2F 1-2: Foul Ball, location: 2F 1-2: Foul Ball, location: 2F 1-2: Foul Ball, location: 2F 1-2: Ball 2-2: Ball 3-2: Base on Balls
|
Batting: SHB Terumoto Kurihara
|
0-0: Ball 1-0: Ball 2-0: Ball 3-0: Base on Balls António Ramos to second
|
Batting: RHB Logan Namajunas
|
0-0: Ball 1-0: Ball 2-0: Called Strike 2-1: Ball 3-1: Foul Ball, location: 2F 3-2: Fly out, F8 (Flyball, 8RS)
|
Bottom of the 2nd over - 0 runs, 0 hits, 0 errors, 2 left on base; Toledo 5 - Montana 0 |
TOP OF THE 3RD |
Toledo Stingers batting - Pitching for Montana Pandas : LHP Rust Cohle
|
Batting: RHB Héctor Rivera
|
0-0: Called Strike 0-1: Called Strike 0-2: Ball 1-2: Ball 2-2: Ball 3-2: Base on Balls
|
Batting: SHB Eugene Clutch
|
0-0: Called Strike 0-1: Fly out, F8 (Flyball, 78D)
|
Batting: SHB Tsing Guao
|
0-0: Called Strike 0-1: Ball 1-1: Foul Ball, location: 2F 1-2: Strikes out swinging
|
Batting: RHB Mike Burns
|
0-0: Ball 1-0: Foul Ball, location: 2F 1-1: Called Strike 1-2: SINGLE (Groundball, 6D) Héctor Rivera to second
|
Batting: RHB Brett Callison
|
0-0: Ball 1-0: Called Strike 1-1: Ball 2-1: Ball 3-1: Foul Ball, location: 2F 3-2: Fly out, F9 (Flyball, 9D)
|
Top of the 3rd over - 0 runs, 1 hit, 0 errors, 2 left on base; Toledo 5 - Montana 0 |
BOTTOM OF THE 3RD |
Montana Pandas batting - Pitching for Toledo Stingers : RHP Rafael Rodríguez
|
Batting: RHB Casey Cavell
|
0-0: Ball 1-0: Fly out, F7 (Flyball, 78D)
|
Batting: RHB Bernardo Herrera
|
0-0: Ball 1-0: Ball 2-0: Called Strike 2-1: Foul Ball, location: 2F 2-2: Strikes out looking
|
Batting: LHB Chris McKinney
|
0-0: Called Strike 0-1: Foul Ball, location: 2F 0-2: Ball 1-2: Ball 2-2: Hit by Pitch
|
Batting: LHB Melvin Castro
|
0-0: Ball 1-0: Fly out, F9 (Flyball, 9LMF)
|
Bottom of the 3rd over - 0 runs, 0 hits, 0 errors, 1 left on base; Toledo 5 - Montana 0 |
TOP OF THE 4TH |
Toledo Stingers batting - Pitching for Montana Pandas : LHP Rust Cohle
|
Batting: RHB Tamasaburo Kato
|
0-0: Ball 1-0: Ball 2-0: Ball 3-0: Base on Balls
|
Pitching: RHP Miguel Cervantes
|
|
Batting: RHB Alfredo Martínez
|
0-0: Ground out U3 (Groundball, 34S) Tamasaburo Kato to second
|
Batting: LHB Tural Bishara
|
0-0: SINGLE (Flyball, 9LM) Tamasaburo Kato to third Runner from 3rd tries for Home, throw and OUT!
|
Batting: LHB Rafael Sánchez
|
0-0: Swinging Strike 0-1: Called Strike 0-2: Foul Ball, location: 2F 0-2: Ball 1-2: Ball Tural Bishara steals 2nd base 2-2: Ground out U3 (Groundball, 34)
|
Top of the 4th over - 0 runs, 1 hit, 0 errors, 1 left on base; Toledo 5 - Montana 0 |
BOTTOM OF THE 4TH |
Montana Pandas batting - Pitching for Toledo Stingers : RHP Rafael Rodríguez
|
Batting: RHB Armando Alvarado
|
0-0: Ball 1-0: Ball 2-0: Ball 3-0: Called Strike 3-1: Foul Ball, location: 2F 3-2: Foul Ball, location: 2F 3-2: SOLO HOME RUN (Flyball, 78XD), Distance : 384 ft
|
Batting: LHB Roberto Fierro
|
0-0: Called Strike 0-1: Swinging Strike 0-2: Strikes out swinging
|
Batting: LHB António Ramos
|
0-0: Fly out, F9 (Flyball, 9)
|
Batting: SHB Terumoto Kurihara
|
0-0: Ball 1-0: SINGLE (Flyball, 78S)
|
Batting: RHB Logan Namajunas
|
0-0: Called Strike 0-1: Foul Ball, location: 2F 0-2: Ball 1-2: Strikes out swinging
|
Bottom of the 4th over - 1 run, 2 hits, 0 errors, 1 left on base; Toledo 5 - Montana 1 |
TOP OF THE 5TH |
Toledo Stingers batting - Pitching for Montana Pandas : RHP Miguel Cervantes
|
Batting: RHB Héctor Rivera
|
0-0: Called Strike 0-1: Ball 1-1: Ground out 6-3 (Groundball, 56)
|
Batting: SHB Eugene Clutch
|
0-0: Called Strike 0-1: Reached on error, E5 (Groundball, 56)
|
Batting: SHB Tsing Guao
|
0-0: Grounds into double play, 6-4-3 (Groundball, 6D)
|
Top of the 5th over - 0 runs, 0 hits, 1 error, 0 left on base; Toledo 5 - Montana 1 |
BOTTOM OF THE 5TH |
Montana Pandas batting - Pitching for Toledo Stingers : RHP Rafael Rodríguez
|
Batting: RHB Casey Cavell
|
0-0: Ball 1-0: Fly out, F6 (Popup, 6MD)
|
Batting: RHB Bernardo Herrera
|
0-0: Fly out, F5 (Popup, 5F)
|
Batting: LHB Chris McKinney
|
0-0: Ball 1-0: Ball 2-0: Ball 3-0: Base on Balls
|
Batting: LHB Melvin Castro
|
0-0: Called Strike 0-1: Fly out, F8 (Line Drive, 8LM)
|
Bottom of the 5th over - 0 runs, 0 hits, 0 errors, 1 left on base; Toledo 5 - Montana 1 |
TOP OF THE 6TH |
Toledo Stingers batting - Pitching for Montana Pandas : RHP Miguel Cervantes
|
Batting: RHB Mike Burns
|
0-0: Called Strike 0-1: Fly out, F3 (Popup, 3F)
|
Batting: RHB Brett Callison
|
0-0: Called Strike 0-1: Ball 1-1: SINGLE (Line Drive, 8LS)
|
Batting: RHB Tamasaburo Kato
|
0-0: Ground out 5-3 (Groundball, 56) Brett Callison to second
|
Batting: RHB Alfredo Martínez
|
0-0: Ball 1-0: SINGLE (Groundball, 4D) Brett Callison to third Runner from 3rd tries for Home, SAFE, throw made home
|
Batting: LHB Tural Bishara
|
0-0: Foul Ball, location: 2F 0-1: Foul Ball, location: 2F 0-2: Ball Alfredo Martínez steals 2nd base 1-2: Foul Ball, location: 2F 1-2: Foul Ball, location: 2F 1-2: Ground out 5-3 (Groundball, 56)
|
Top of the 6th over - 1 run, 2 hits, 0 errors, 1 left on base; Toledo 6 - Montana 1 |
BOTTOM OF THE 6TH |
Montana Pandas batting - Pitching for Toledo Stingers : RHP Rafael Rodríguez
|
Batting: RHB Armando Alvarado
|
0-0: Called Strike 0-1: Ball 1-1: SINGLE (Line Drive, 6MD)
|
Batting: LHB Roberto Fierro
|
0-0: Ball Balk! Armando Alvarado to second 1-0: Ball 2-0: Foul Ball, location: 2F 2-1: Foul Ball, location: 2F 2-2: Fly out, F3 (Line Drive, 3L)
|
Batting: LHB António Ramos
|
0-0: Called Strike 0-1: Ball 1-1: Ball 2-1: Foul Ball, location: 2F 2-2: SINGLE (Line Drive, 4MD) Armando Alvarado to third Runner from 3rd tries for Home, SAFE, no throw
|
Batting: SHB Terumoto Kurihara
|
0-0: Ball 1-0: Fly out, F8 (Flyball, 8RS)
|
Batting: RHB Logan Namajunas
|
0-0: Swinging Strike 0-1: Swinging Strike 0-2: Ball 1-2: Strikes out looking
|
Bottom of the 6th over - 1 run, 2 hits, 0 errors, 1 left on base; Toledo 6 - Montana 2 |
TOP OF THE 7TH |
Toledo Stingers batting - Pitching for Montana Pandas : RHP Miguel Cervantes
|
Batting: LHB Rafael Sánchez
|
0-0: Called Strike 0-1: Ball 1-1: Fly out, F7 (Flyball, 7LMF)
|
Pitching: LHP Morlack Spurgeon
|
|
Batting: RHB Héctor Rivera
|
0-0: Ball 1-0: Ball 2-0: Foul Ball, location: 2F 2-1: Foul Ball, location: 2F 2-2: Foul Ball, location: 2F 2-2: Strikes out swinging
|
Batting: SHB Eugene Clutch
|
0-0: Called Strike 0-1: Ball 1-1: Ball 2-1: Fly out, F9 (Line Drive, 89M)
|
Top of the 7th over - 0 runs, 0 hits, 0 errors, 0 left on base; Toledo 6 - Montana 2 |
BOTTOM OF THE 7TH |
Montana Pandas batting - Pitching for Toledo Stingers : RHP Rafael Rodríguez
|
Batting: RHB Casey Cavell
|
0-0: Fly out, F8 (Flyball, 8RS)
|
Batting: RHB Bernardo Herrera
|
0-0: SINGLE (Line Drive, 7LS)
|
Batting: LHB Chris McKinney
|
0-0: Ball 1-0: Ball 2-0: Hit by Pitch Bernardo Herrera to second
|
Batting: LHB Melvin Castro
|
0-0: Ball Chris McKinney is caught stealing 2nd base 1-0: Foul Ball, location: 2F 1-1: Called Strike 1-2: Foul Ball, location: 2F 1-2: Foul Ball, location: 2F 1-2: Foul Ball, location: 2F 1-2: Ball 2-2: Foul Ball, location: 2F 2-2: Ball 3-2: SINGLE (Groundball, 4MD) Bernardo Herrera scores
|
Pitching: RHP Kyung-un Yi
|
|
Batting: RHB Armando Alvarado
|
0-0: Ball 1-0: Fly out, F3 (Popup, 34)
|
Bottom of the 7th over - 1 run, 2 hits, 0 errors, 1 left on base; Toledo 6 - Montana 3 |
TOP OF THE 8TH |
Toledo Stingers batting - Pitching for Montana Pandas : LHP Morlack Spurgeon
|
Batting: SHB Tsing Guao
|
0-0: Ground out 6-3 (Groundball, 6)
|
Batting: RHB Mike Burns
|
0-0: Ball 1-0: Foul Ball, location: 2F 1-1: Foul Ball, location: 2F 1-2: Ball 2-2: Fly out, F7 (Flyball, 7S)
|
Batting: RHB Brett Callison
|
0-0: Fly out, F3 (Popup, 34S)
|
Top of the 8th over - 0 runs, 0 hits, 0 errors, 0 left on base; Toledo 6 - Montana 3 |
BOTTOM OF THE 8TH |
Montana Pandas batting - Pitching for Toledo Stingers : RHP Kyung-un Yi
|
Batting: LHB Roberto Fierro
|
0-0: Foul Ball, location: 2F 0-1: Ball 1-1: Ground out 4-3 (Groundball, 4S)
|
Batting: LHB António Ramos
|
0-0: SINGLE (Groundball, 4MD)
|
Batting: SHB Terumoto Kurihara
|
0-0: Ball 1-0: Called Strike 1-1: Called Strike 1-2: SINGLE (Groundball, 34D) António Ramos to second Runner from 2nd tries for 3rd, SAFE, no throw
|
Batting: RHB Logan Namajunas
|
0-0: Ball 1-0: Foul Ball, location: 2F 1-1: Foul Ball, location: 2F 1-2: Foul Ball, location: 2F 1-2: Foul Ball, location: 2F 1-2: Ball 2-2: Ground out 5-3 (Groundball, 56S) António Ramos scores Terumoto Kurihara to second
|
Batting: RHB Casey Cavell
|
0-0: Called Strike 0-1: Foul Ball, location: 2F 0-2: Strikes out swinging
|
Bottom of the 8th over - 1 run, 2 hits, 0 errors, 1 left on base; Toledo 6 - Montana 4 |
TOP OF THE 9TH |
Toledo Stingers batting - Pitching for Montana Pandas : LHP Morlack Spurgeon
|
Pitching: RHP Tate Beason
|
|
Batting: RHB Tamasaburo Kato
|
0-0: Ball 1-0: Ball 2-0: Called Strike 2-1: Ball 3-1: Foul Ball, location: 2F 3-2: SINGLE (Groundball, 3D)
|
Batting: RHB Alfredo Martínez
|
0-0: SINGLE (Line Drive, 7S) Tamasaburo Kato to second
|
Batting: LHB Tural Bishara
|
0-0: Swinging Strike 0-1: Ball 1-1: Called Strike 1-2: Ball 2-2: Ball 3-2: Foul Ball, location: 2F 3-2: Fly out, F5 (Popup, 56S)
|
Batting: LHB Rafael Sánchez
|
0-0: Ball 1-0: Called Strike 1-1: Foul Ball, location: 2F 1-2: Ball 2-2: Foul Ball, location: 2F 2-2: Fielders Choice at 2nd, 3-6 (Groundball, 3) Tamasaburo Kato to third
|
Pitching: RHP Francisco García
|
|
Pinch Hitting: SHB Dylan Carson
|
0-0: Swinging Strike 0-1: Ball 1-1: Called Strike 1-2: Foul Ball, location: 2F 1-2: Fielders Choice at 2nd, 6-4 (Groundball, 56)
|
Top of the 9th over - 0 runs, 2 hits, 0 errors, 2 left on base; Toledo 6 - Montana 4 |
BOTTOM OF THE 9TH |
Montana Pandas batting - Pitching for Toledo Stingers : RHP Kyung-un Yi
|
Pitching: LHP An Jang-Yop
|
|
Now at 3B: Juan Cabrera
|
|
Batting: RHB Bernardo Herrera
|
0-0: Swinging Strike 0-1: Ball 1-1: Foul Ball, location: 2F 1-2: Strikes out swinging
|
Batting: LHB Chris McKinney
|
0-0: Foul Ball, location: 2F 0-1: Ball 1-1: Swinging Strike 1-2: Strikes out looking
|
Batting: LHB Melvin Castro
|
0-0: Fly out, F7 (Flyball, 7D)
|
Bottom of the 9th over - 0 runs, 0 hits, 0 errors, 0 left on base; Toledo 6 - Montana 4 |
|